 Dungeon Crawl Stone Soup version 0.27-a0-522-g46bbb28828 (webtiles) character file.

Game seed: 6175195586059876168

212236 kae the Executioner (level 18, -1/172 HPs)
             Began as a Hill Orc Fighter on Mar 4, 2021.
             Was the Champion of Makhleb.
             Slain by Polyphemus (6 damage)
             ... on level 3 of the Shoals.
             The game lasted 00:28:31 (38811 turns).

kae the Executioner (Hill Orc Fighter)             Turns: 38811, Time: 00:28:31

Health: -1/172     AC: 32    Str: 31    XL:     18   Next: 91%
Magic:  30/30      EV:  4    Int: 14    God:    Makhleb [******]
Gold:   4619       SH:  0    Dex: 17    Spells: 25/28 levels left

rFire    + + .     SeeInvis .   a - +9 battleaxe (flame)
rCold    . . .     Faith    .   (shield currently unavailable)
rNeg     + + .     Spirit   .   o - +3 plate armour
rPois    +         Reflect  +   h - +2 helmet
rElec    +         Harm     .   T - +2 cloak {rF+}
rCorr    .         Rampage  .   J - +0 pair of gloves of Trial and Error {rC+ Int+6 Dex+4}
Will     +....                  y - +2 pair of boots
Stlth    ..........             X - amulet of Ytet {Reflect rN++ SH+5}
HPRegen  0.38/turn              l - ring of poison resistance
MPRegen  0.22/turn              C - ring "Raalo" {Fire rElec Str+4 Dex+3}

@: petrifying, studying Fighting, very slow
A: no striking features
}: 1/15 runes: gossamer
a: Renounce Religion, Minor Destruction, Lesser Servant of Makhleb, Major
Destruction, Greater Servant of Makhleb


You were on level 3 of the Shoals.
You worshipped Makhleb.
Makhleb was exalted by your worship.
You visited 6 branches of the dungeon, and saw 31 of its levels.
You also visited: Ice Cave and Volcano.

You collected 4619 gold pieces.

Inventory:

Hand Weapons
 a - a +9 battleaxe of flaming (weapon)
 b - a +2 battleaxe of freezing
 B - a +3 battleaxe
Armour
 h - a +2 helmet (worn)
 o - a +3 plate armour (worn)
 y - a +2 pair of boots (worn)
 J - the +0 pair of gloves of Trial and Error (worn) {rC+ Int+6 Dex+4}
   (You acquired it on level 10 of the Dungeon)

   It affects your intelligence (+6).
   It affects your dexterity (+4).
   It protects you from cold.
 T - a +2 cloak of fire resistance (worn)
Jewellery
 l - a ring of poison resistance (left hand)
 r - a ring of protection from fire
 t - an amulet of magic regeneration
 v - a ring of protection from fire
 w - a +6 ring of strength
 C - the ring "Raalo" (right hand) {Fire rElec Str+4 Dex+3}
   (You found it on level 5 of the Dungeon)

   [ring of fire]

   It enhances your fire magic.
   It affects your strength (+4).
   It affects your dexterity (+3).
   It protects you from fire.
   It makes you vulnerable to cold.
   It insulates you from electricity.
 E - a ring of see invisible
 I - an amulet of guardian spirit
 Q - an amulet of the acrobat
 R - a +6 ring of dexterity
 U - a ring of protection from cold
 V - a ring of positive energy
 X - the amulet of Ytet (around neck) {Reflect rN++ SH+5}
   (You found it on level 12 of the Dungeon)

   [amulet of reflection]

   It shields you and reflects attacks.
   It greatly protects you from negative energy.
   It affects your SH (+5).
 Z - an amulet of faith
Wands
 d - a wand of mindburst (29)
 f - a wand of random effects (125)
 G - a wand of flame (74)
 K - a wand of iceblast (8)
 P - a wand of paralysis (36)
 S - a wand of digging (10)
 Y - a wand of acid (7)
Scrolls
 c - 3 scrolls of blinking
 i - 6 scrolls of amnesia
 k - 3 scrolls of fear
 q - 8 scrolls of teleportation
 D - 4 scrolls of fog
 F - 2 scrolls of summoning
 H - a scroll of holy word
 M - 3 scrolls of magic mapping
 N - 11 scrolls of identify
 O - a scroll of enchant weapon
Potions
 e - 7 potions of brilliance
 g - 13 potions of heal wounds
 j - 7 potions of mutation
 m - 5 potions of flight
 n - 8 potions of curing
 p - a potion of might
 s - 2 potions of lignification
 u - 4 potions of attraction
 x - 5 potions of berserk rage
 z - 2 potions of cancellation
 A - 3 potions of resistance
 L - 8 potions of ambrosia


   Skills:
 + Level 18.0 Fighting
 - Level 24.0 Axes
 - Level 15.0 Armour
 - Level 4.0 Shields
 + Level 5.5 Spellcasting
 + Level 7.3 Conjurations
 + Level 8.0 Fire Magic
 - Level 16.0 Invocations


You had 25 spell levels left.
You knew the following spells:

 Your Spells              Type           Power        Failure   Level
a - Conjure Flame         Conj/Fire      38%          11%         3

Your spell library contained the following spells:

 Spells                   Type           Power        Failure   Level
 Magic Dart               Conj           96%          4%          1
 Searing Ray              Conj           48%          6%          2
 Shock                    Conj/Air       56%          19%         1
 Dazzling Flash           Conj/Hex       28%          50%         3
 Beastly Appendage        Tmut           6%           65%         1
 Freeze                   Ice            12%          65%         1
 Mephitic Cloud           Conj/Pois/Air  10%          67%         3
 Blink                    Tloc           N/A          78%         2
 Call Imp                 Summ           3%           78%         2
 Poisonous Vapours        Pois/Air       6%           78%         2
 Slow                     Hex            3%           78%         2
 Wereblood                Tmut           3%           78%         2
 Fulminant Prism          Conj/Hex       7%           88%         4
 Hailstorm                Conj/Ice       14%          88%         4
 Iskenderun's Mystic Bla  Conj/Tloc      14%          88%         4
 Confusing Touch          Hex            3%           95%         3
 Frozen Ramparts          Ice            6%           95%         3
 Gell's Gravitas          Tloc           1%           95%         3
 Ozocubu's Armour         Ice            3%           95%         3
 Spider Form              Tmut/Pois      1%           95%         3
 Irradiate                Conj/Tmut      7%           99%         5
 Ice Form                 Ice/Tmut       3%           100%        4
 Petrify                  Tmut/Erth      3%           100%        4
 Summon Ice Beast         Ice/Summ       3%           100%        4
 Summon Lightning Spire   Summ/Air       3%           100%        4
 Blade Hands              Tmut           1%           100%        5
 Metabolic Englaciation   Hex/Ice        1%           100%        5
 Silence                  Hex/Air        1%           100%        5
 Yara's Violent Unravell  Hex/Tmut       1%           100%        5
 Conjure Ball Lightning   Conj/Air       7%           100%        6
 Freezing Cloud           Conj/Ice/Air   5%           100%        6
 Hydra Form               Tmut           1%           100%        6
 Simulacrum               Ice/Necr       1%           100%        6
 Statue Form              Tmut/Erth      2%           100%        6
 Dragon Form              Tmut           1%           100%        7
 Ozocubu's Refrigeration  Ice            1%           100%        7
 Disjunction              Tloc           1%           100%        8
 Tornado                  Air            1%           100%        9


Dungeon Overview and Level Annotations

Branches:
Dungeon (15/15)            Temple (1/1) D:6            Lair (6/6) D:10
 Shoals (3/4) Lair:4       Spider (4/4) Lair:3        Slime (0/5) Lair:6
    Orc (2/2) D:9             Elf (0/3) Orc:2        Vaults (0/5) D:13
 Depths (0/5) D:15          IceCv (visited)         Volcano (visited)

Altars:
Ashenzari
Cheibriados
Dithmenos
Elyvilon
Fedhas
Gozag
Hepliaklqana
Kikubaaqudgha
Makhleb
Nemelex Xobeh
Okawaru
Qazlal
Ru
Sif Muna
Trog
Uskayaw
Vehumet
Wu Jian
Xom
Yredelemnul
Zin
The Shining One

Shops:
D:5 (   D:15 :   Orc:2 [=(*

Portals:
Trove: D:12 (give +6 ice dragon scales)

Annotations:
Lair:3 exclusion: 3 oklob plants
Shoals:3 Polyphemus
Spider:2 2 transporters, Yxtaec's ghost, journeyman MiFi


Message History

The merfolk javelineer is engulfed in calcifying dust.
The merfolk javelineer is moving more slowly.
The merfolk javelineer hits you from afar with a +0 spear!
Polyphemus throws the catoblepas at you!
The merfolk hits you but does no damage.
There is a stone staircase leading up here.
Splash!
You fall into the shallow water.
Moving in this stuff is going to be slow.
The merfolk javelineer barely misses you.
The merfolk hits you but does no damage.
Polyphemus hits you!! Polyphemus barely misses you.
The death yak is engulfed in calcifying dust.
The death yak is moving more slowly.
Polyphemus throws the catoblepas at you!
* * * LOW HITPOINT WARNING * * *
You block the merfolk javelineer's attack.
The catoblepas gores you!
* * * LOW HITPOINT WARNING * * *
You block Polyphemus's attack. Polyphemus hits you.
* * * LOW HITPOINT WARNING * * *
The merfolk hits you but does no damage.
The merfolk javelineer hits you but does no damage.
The death yak gores you.
* * * LOW HITPOINT WARNING * * *
The catoblepas breathes a plume of calcifying dust at you.
The blast of calcifying dust hits the merfolk.
The blast of calcifying dust hits you but does no damage.
The merfolk is engulfed in calcifying dust.
The merfolk is moving more slowly.
The merfolk hits you but does no damage.
There is a stone staircase leading up here.
You are engulfed in calcifying dust.
You are slowing down.
Polyphemus hits you!
* * * LOW HITPOINT WARNING * * *
Polyphemus hits you but does no damage. Polyphemus hits you!!
* * * LOW HITPOINT WARNING * * *
Polyphemus hits you!
You die... ≈≈≈P≈≈≈PPPP≈PPPP≈

≈≈≈≈..≈≈≈PPPP.≈P≈
≈≈≈≈..≈PPP≈≈...≈≈
≈≈≈...≈≈P≈P≈...≈
≈≈...≈≈≈.≈.#
≈≈.§§§≈§§..# ≈
...##..≈...# ≈ ≈..
####Cm≈..###..≈≈
≈≈≈≈.#§§@m≈≈†....≈≈≈≈
≈)≈≈≈≈≈≈≈Y≈≈≈†..≈≈≈≈≈
≈≈≈≈≈≈)≈≈≈≈≈≈≈≈≈≈≈≈≈≈
≈≈≈≈≈≈≈≈≈≈≈≈≈≈≈≈≈≈≈≈≈
≈≈≈≈≈≈≈≈≈≈≈≈≈≈≈≈≈≈≈≈≈
≈≈≈≈≈.≈≈≈≈≈≈≈≈≈≈≈≈≈≈≈
≈≈≈≈≈≈≈≈≈≈≈≈≈≈≈≈≈≈≈≈≈
≈≈≈≈≈≈≈≈≈≈≈≈≈≈≈≈≈≈≈≈≈
≈≈≈≈≈≈...≈≈.≈≈≈


You could see Polyphemus (fast), a merfolk javelineer (petrifying), a catoblepas
and a merfolk (petrifying).

Vanquished Creatures
  Bai Suzhen (Spider:3)
  Arachne (Spider:2)
  A kraken (Shoals:2)
  Ilsuiw (Shoals:2)
  Roxanne (Shoals:2)
  A frost giant (IceCv)
  An orc warlord (Orc:2)
  Aizul (Shoals:1)
  3 ghost moths (Spider:4)
  5 emperor scorpions
  An entropy weaver (Spider:3)
  2 spark wasps (Spider:4)
  A merfolk impaler (Shoals:1)
  2 merfolk javelineers
  Josephine (Lair:6)
  Harold (D:8)
  5 boulder beetles
  A catoblepas (D:12)
  2 merfolk avatars
  4 hydras
  2 satyrs
  4 death yaks
  A death knight (D:13)
  A two-headed ogre (D:13)
  A tengu warrior (D:15)
  An anaconda (shapeshifter) (D:15)
  8 death scarabs (Spider:4)
  An alligator snapping turtle (Shoals:2)
  Urug (Lair:4)
  7 centaur warriors
  7 orc high priests
  Nergalle (Orc:1)
  2 spectral emperor scorpions (Spider:4)
  A fire crab (D:14)
  4 skeletal warriors (D:15)
  4 unseen horrors
  3 sea snakes
  5 harpies
  6 spectral wolf spiders (Spider:4)
  Pikel (D:9)
  2 lindwurms (Volcano)
  8 orc knights
  A harpy (shapeshifter) (D:12)
  3 orc sorcerers
  3 wolf spider zombies
  A deep elf pyromancer (D:14)
  15 wolf spiders
  15 ugly things
  13 fauns
  16 orb spiders
  6 manticores
  7 elephants
  4 cyclopes
  4 black mambas
  5 merfolk sirens
  A toenail golem (Volcano)
  A moth of wrath (Spider:4)
  A torpor snail (Spider:1)
  3 molten gargoyles (Volcano)
  2 ice statues
  A water nymph (Shoals:1)
  2 gargoyles
  An eye of devastation (Lair:6)
  3 centaur zombies
  Maggie (D:6)
  19 cane toads
  3 spectral redbacks (Spider:4)
  12 rime drakes
  6 centaur skeletons
  A redback zombie (Spider:4)
  20 komodo dragons
  2 freezing wraiths
  A kobold demonologist (D:11)
  12 demonic crawlers
  2 guardian mummies (D:12)
  2 efreet (Volcano)
  11 merfolk
  A queen bee (D:15)
  3 meliai (D:15)
  26 jumping spiders
  A spectral tarantella (Spider:4)
  22 polar bears
  4 spectral jumping spiders (Spider:4)
  6 trolls
  4 wind drakes
  11 hornets
  A jumping spider zombie (Spider:4)
  3 tarantella zombies (Spider:4)
  4 snapping turtles
  Prince Ribbit (D:9)
  9 slime creatures
  6 dream sheep (Lair:6)
  9 blink frogs
  3 vampires
  58 redbacks
  38 tarantellas
  8 wyverns
  A shadow (D:15)
  16 humans (D:13)
  96 yaks
  11 wraiths
  4 fire elementals (Volcano)
  3 basilisks
  A vampire mosquito (D:12)
  7 wargs
  14 water moccasins
  An acid dragon (D:11)
  A spectral hornet (Spider:4)
  5 ice beasts
  43 orc warriors
  A sky beast (D:6)
  2 black bears
  A black bear (shapeshifter) (D:12)
  7 ogres
  An eye of draining (Lair:6)
  7 necrophages
  16 centaurs
  A lemure (D:9)
  29 wolves
  17 bullfrogs
  A kobold brigand (D:10)
  3 gnoll sergeants
  2 earth elementals (Volcano)
  2 wyvern skeletons
  5 scorpions
  20 wights
  25 killer bees
  7 electric eels
  4 howler monkeys
  A quasit (D:7)
  A bullfrog zombie (D:12)
  24 orc priests
  5 jellies
  4 bullfrog skeletons
  7 hounds
  7 iguanas
  24 orc wizards
  15 worker ants
  A hound skeleton (D:7)
  11 gnolls
  13 adders
  4 white imps
  2 ufetubi
  An ooze (D:4)
  An adder skeleton (D:7)
  4 worms
  3 dart slugs
  6 leopard geckos
  87 orcs
  6 giant cockroaches
  5 goblins
  6 hobgoblins
  4 jackals
  12 kobolds
  7 quokkas
  2 ball pythons
  14 bats
  6 frilled lizards
  A leopard gecko skeleton (D:4)
  A quokka zombie (D:8)
  4 rats
  3 fire vortices (Volcano)
  3 tentacles (Shoals:2)
1174 creatures vanquished.

Vanquished Creatures (collateral kills)
  Nessos (D:13)
  Sonja (Lair:6)
  A polar bear (Lair:6)
  4 merfolk (Shoals:1)
  A steam dragon (D:10)
  A bullfrog (Lair:1)
9 creatures vanquished.

Vanquished Creatures (others)
  Asterion (Spider:2)
  A merfolk siren (Shoals:1)
  2 redbacks (Spider:2)
  A tarantella (Spider:2)
  2 orcs
  A fire vortex (Volcano)
  62 fungi
  118 plants
  5 tentacles (Shoals:2)
193 creatures vanquished.

Grand Total: 1376 creatures vanquished

Notes
Turn   | Place    | Note
-------+----------+-------------------------------------------
     0 | D:1      | kae the Hill Orc Fighter began the quest for the Orb.
     0 | D:1      | Reached XP level 1. HP: 19/19 MP: 1/1
   140 | D:1      | Reached skill level 3 in Axes
   179 | D:1      | Reached XP level 2. HP: 27/27 MP: 2/2
   568 | D:1      | Reached XP level 3. HP: 29/33 MP: 3/3
   902 | D:2      | Found a white marble altar of Elyvilon.
  1055 | D:2      | Reached skill level 4 in Axes
  1138 | D:2      | Reached XP level 4. HP: 32/40 MP: 4/4
  2378 | D:3      | Found a radiant altar of Vehumet.
  2390 | D:3      | Reached XP level 5. HP: 47/47 MP: 5/5
  3170 | D:4      | Reached skill level 5 in Axes
  3341 | D:4      | Noticed an ogre
  3350 | D:4      | Killed an ogre
  3351 | D:4      | Reached skill level 5 in Fighting
  3351 | D:4      | Reached XP level 6. HP: 44/56 MP: 6/6
  3355 | D:4      | Reached skill level 6 in Axes
  3735 | D:4      | Reached XP level 7. HP: 53/61 MP: 7/7
  3872 | D:4      | Reached skill level 7 in Axes
  3872 | D:4      | Reached skill level 5 in Armour
  4184 | D:5      | Entered Level 5 of the Dungeon
  4243 | D:5      | Identified the ring "Raalo" {Fire rElec Str+4 Dex+3}
  4432 | D:5      | Found Ytsadduu's Antique Weapon Shoppe.
  4634 | D:5      | Reached skill level 8 in Axes
  4935 | D:5      | Found a burning altar of Makhleb.
  5097 | D:5      | Became a worshipper of Makhleb the Destroyer
  5143 | D:6      | Reached XP level 8. HP: 56/70 MP: 8/8
  5222 | D:6      | Reached skill level 1 in Invocations
  5375 | D:6      | Found a blossoming altar of Fedhas.
  5502 | D:6      | Found a staircase to the Ecumenical Temple.
  5539 | Temple   | Entered the Ecumenical Temple
  5862 | D:6      | Reached skill level 9 in Axes
  6043 | D:6      | Found a bloodstained altar of Trog.
  6050 | D:6      | Found a shadowy altar of Dithmenos.
  6079 | D:6      | Noticed Maggie
  6086 | D:6      | Reached * piety under Makhleb
  6100 | D:6      | Killed Maggie
  6392 | D:6      | Reached skill level 10 in Axes
  6392 | D:6      | Reached XP level 9. HP: 79/79 MP: 11/11
  6866 | D:7      | Found an iron altar of Okawaru.
  6983 | D:7      | Reached skill level 5 in Invocations
  7337 | D:7      | Reached skill level 11 in Axes
  7989 | D:8      | Reached ** piety under Makhleb
  8060 | D:8      | Noticed a hornet
  8066 | D:8      | Killed a hornet
  8559 | D:8      | Reached XP level 10. HP: 90/90 MP: 14/14
  8673 | D:8      | Reached skill level 12 in Axes
  8912 | D:8      | Found a hide-covered altar of Uskayaw.
  8912 | D:8      | Noticed a +0 hand axe
  8912 | D:8      | Noticed a +0 hand axe
  9391 | D:8      | Found a sparkling altar of Nemelex Xobeh.
  9422 | D:8      | Found a sacrificial altar of Ru.
  9586 | D:9      | Reached *** piety under Makhleb
  9599 | D:9      | Noticed Prince Ribbit
  9612 | D:9      | Killed Prince Ribbit
  9735 | D:9      | Noticed Pikel
  9739 | D:9      | Noticed Harold
  9760 | D:9      | Reached skill level 13 in Axes
  9914 | D:8      | Killed Harold
 10163 | D:9      | Killed Pikel
 10164 | D:9      | Reached XP level 11. HP: 99/99 MP: 15/17
 10282 | D:9      | Found a staircase to the Orcish Mines.
 10476 | D:9      | Reached **** piety under Makhleb
 11058 | D:9      | Reached skill level 10 in Fighting
 11064 | D:9      | Reached skill level 14 in Axes
 11399 | D:10     | Entered Level 10 of the Dungeon
 11412 | D:10     | Noticed a manticore
 11424 | D:10     | Killed a manticore
 11695 | D:10     | Killed an unseen horror
 11745 | D:10     | Identified a scroll of acquirement
 11745 | D:10     | Acquired the +0 pair of gloves of Trial and Error {rC+
                  | Int+6 Dex+4}
 11857 | D:10     | Reached skill level 15 in Axes
 11968 | D:10     | Reached skill level 10 in Armour
 12283 | D:10     | Found a staircase to the Lair.
 12621 | D:11     | Reached ***** piety under Makhleb
 12730 | D:11     | Reached XP level 12. HP: 104/108 MP: 17/19
 12894 | D:11     | Found a sparkling altar of Nemelex Xobeh.
 13051 | D:11     | Reached skill level 10 in Invocations
 13300 | D:11     | Noticed a boulder beetle
 13313 | D:11     | Killed a boulder beetle
 13895 | Lair:1   | Entered Level 1 of the Lair of Beasts
 13987 | Lair:1   | Reached skill level 16 in Axes
 14252 | Lair:1   | Noticed an eight-headed hydra
 14259 | Lair:1   | Killed a six-headed hydra
 14840 | Lair:1   | Reached XP level 13. HP: 105/118 MP: 18/21
 15212 | Lair:2   | Reached skill level 17 in Axes
 15968 | Lair:2   | Reached ****** piety under Makhleb
 16401 | Lair:3   | Found a frozen archway.
 16416 | IceCv    | Entered an ice cave
 16606 | IceCv    | Reached skill level 18 in Axes
 17069 | IceCv    | Noticed a frost giant
 17089 | IceCv    | Killed a frost giant
 17090 | IceCv    | Reached XP level 14. HP: 94/129 MP: 9/23
 17714 | Lair:3   | Found a hole to the Spider Nest.
 18433 | Lair:4   | Reached skill level 19 in Axes
 18454 | Lair:4   | Found a staircase to the Shoals.
 18621 | Lair:4   | Noticed Urug
 18625 | Lair:4   | Paralysed by Urug for 3 turns
 18636 | Lair:4   | Killed Urug
 18705 | Lair:4   | Found a dark tunnel.
 18738 | Volcano  | Entered a volcano
 20213 | Lair:6   | Entered Level 6 of the Lair of Beasts
 20612 | Lair:6   | Reached XP level 15. HP: 93/138 MP: 12/25
 20861 | Lair:6   | Reached skill level 20 in Axes
 20961 | Lair:6   | Noticed Josephine
 20974 | Lair:6   | Paralysed by a hornet for 3 turns
 20985 | Lair:6   | Killed Josephine
 21005 | Lair:6   | Noticed Sonja
 21011 | Lair:6   | Killed Sonja
 21781 | Lair:6   | Found a staircase to the Slime Pits.
 21900 | Lair:6   | Found a shimmering altar of Xom.
 22586 | Orc:1    | Entered Level 1 of the Orcish Mines
 22997 | Orc:1    | Noticed Nergalle
 23005 | Orc:1    | Killed Nergalle
 23326 | Orc:1    | Found a bloodstained altar of Trog.
 24297 | D:12     | Identified the +5 dire flail of Desperation {vorpal, Str+3}
 24318 | D:12     | Reached skill level 21 in Axes
 24476 | D:12     | Identified the amulet of Ytet {Reflect rN++ SH+5}
 24530 | D:12     | Found a portal to a secret trove of treasure.
 24613 | D:12     | Identified Lugg's Compendium of Translocation and
                  | Conjuration
 24884 | D:13     | Found a gate to the Vaults.
 24884 | D:13     | Noticed Nessos
 24890 | D:13     | Reached skill level 15 in Invocations
 24893 | D:13     | Reached skill level 15 in Fighting
 24895 | D:13     | Reached XP level 16. HP: 148/149 MP: 16/27
 25382 | D:13     | Killed Nessos
 26596 | D:14     | Found a glowing golden altar of the Shining One.
 27135 | D:15     | Entered Level 15 of the Dungeon
 27529 | D:15     | Found Vifret Rica's Book Emporium.
 27539 | D:15     | Learned a level 3 spell: Conjure Flame
 27747 | D:15     | Reached skill level 22 in Axes
 27953 | D:15     | Found a staircase to the Depths.
 28383 | Orc:2    | Entered Level 2 of the Orcish Mines
 28607 | Orc:2    | Found Lyewud's Antique Weapon Boutique.
 28715 | Orc:2    | Found a staircase to the Elven Halls.
 28918 | Orc:2    | Found Jeesoch's General Store.
 29238 | Orc:2    | Found Joukkoul's Antique Armour Shoppe.
 29259 | Orc:2    | Found Zelam's Jewellery Shoppe.
 29947 | Spider:1 | Entered Level 1 of the Spider Nest
 30304 | Spider:1 | Reached XP level 17. HP: 158/158 MP: 29/29
 30496 | Spider:1 | Reached skill level 15 in Armour
 30685 | Spider:2 | Found a transporter.
 30685 | Spider:2 | Noticed Yxtaec's ghost (journeyman MiFi)
 30699 | Spider:2 | Noticed Asterion
 30710 | Spider:2 | Killed Asterion
 30716 | Spider:2 | Reached skill level 23 in Axes
 30882 | Spider:2 | Noticed Arachne
 30893 | Spider:2 | Killed Arachne
 31793 | Spider:2 | Found a transporter.
 32202 | Spider:3 | Reached skill level 24 in Axes
 32216 | Spider:3 | Reached skill level 1 in Fire Magic
 32220 | Spider:3 | Reached skill level 1 in Conjurations
 32297 | Spider:3 | Reached skill level 1 in Spellcasting
 32364 | Spider:3 | Noticed Bai Suzhen
 32375 | Spider:3 | Killed Bai Suzhen
 33134 | Spider:4 | Entered Level 4 of the Spider Nest
 33647 | Spider:4 | Acquired a manual of Fighting
 33781 | Spider:4 | Reached XP level 18. HP: 166/166 MP: 30/30
 33812 | Spider:4 | Reached skill level 5 in Fire Magic
 34061 | Spider:4 | Reached skill level 5 in Conjurations
 34297 | Spider:4 | Got a gossamer rune of Zot
 34945 | Shoals:1 | Entered Level 1 of the Shoals
 35004 | Shoals:1 | HP: 7/169 [faun/stone (17)]
 35009 | Shoals:1 | HP: 6/169 [poisoned by a merfolk]
 35016 | Shoals:1 | HP: 7/169 [poisoned by a merfolk]
 35024 | Shoals:1 | HP: 8/169 [poisoned by a merfolk]
 36094 | Shoals:1 | Noticed Aizul
 36113 | Shoals:1 | Killed Aizul
 37250 | Shoals:2 | Reached skill level 5 in Spellcasting
 37658 | Shoals:2 | Noticed Ilsuiw
 37706 | Shoals:2 | HP: 8/170 [water elemental[Ilsuiw] (6)]
 37979 | Shoals:2 | Identified Roxanne's Grimoire of Moulding
 37979 | Shoals:2 | Noticed Roxanne
 38210 | Shoals:2 | Killed Ilsuiw
 38461 | Shoals:2 | Killed Roxanne
 38785 | Shoals:3 | Noticed Polyphemus
 38811 | Shoals:3 | HP: 5/172 [Polyphemus (16)]
 38811 | Shoals:3 | Slain by Polyphemus

Illustrated notes

Levels and vault maps discovered:
D:1:      sevenhm_arrival_forest_fort_large_4, layout_loops_ring
D:2:      layout_loops_ring, elyvilon_altar_1
D:3:      layout_basic, general_overflow_altar
D:4:      layout_basic
D:5:      layout_rooms, kennysheep_mini_moat, serial_shops, shop,
          nrook_loot_triangle
D:6:      layout_gridville, amethyst_overflow_temple_binary,
          minmay_temple_entry_junction, fedhas_altar_1, uniq_maggie
D:7:      layout_basic, okawaru_metal_pillars_3
D:8:      layout_gridville, dancing_weapons_uskayaw, lemuel_round_altar,
          nicolae_ru_great_annihilating_truth
D:9:      layout_loops_ring, david_orc_1_choice, serial_bayou_lagoon_b,
          uniq_prince_ribbit1, uniq_harold, uniq_pikel
D:10:     layout_basic, david_lair_shrubbed
D:11:     layout_stronghold, nemelex_altar_shiori
D:12:     minmay_the_grid_square_5x5_4x4_mashed
          [minmay_the_grid_square_5x5_pentomino_r,
          minmay_the_grid_square_5x5_checkered,
          minmay_the_grid_square_5x5_slash, minmay_the_grid_square_5x5_empty,
          minmay_the_grid_square_5x5_inner_i,
          minmay_the_grid_square_5x5_prize_pseudospiral,
          minmay_the_grid_square_5x5_prize_gold,
          minmay_the_grid_square_5x5_tetrominoes,
          minmay_the_grid_square_5x5_comb,
          minmay_the_grid_square_5x5_prize_waves,
          minmay_the_grid_square_5x5_prize_rear_guard,
          minmay_the_grid_square_5x5_c, minmay_the_grid_square_5x5_three_walls,
          minmay_the_grid_square_5x5_three_small,
          minmay_the_grid_square_5x5_checkered_statues,
          minmay_the_grid_square_5x5_almost_minimal], layout_irregular_city,
          nicolae_trove_entry_path_of_doom, nrook_pool_corridor
D:13:     layout_rooms, david_vaults_3, serial_bayou_pond_b
D:14:     layout_roguey, nicolae_tso_carved_into_rock, minivault_16,
          minmay_fractal_squares_gapless_7
D:15:     hangedman_depths_entry_try_elsewhere_first, layout_long_grid,
          minmay_misc_feat_x, serial_shops, shop_statue, grunt_ministairs_9,
          minivault_10, minmay_strange_pillars, minivault_7
Temple:   oiseaux_autumnal_temple
Lair:1:   layout_cave_pods, gammafunk_lair_bear_cave, grunt_megastairs_1
Lair:2:   layout_chaotic_city, roderic_batcave, roderic_carrion_pond,
          serial_bayou_shore_b
Lair:3:   layout_loops_ring, spider_nest_entry_web_field, portal_ice_cave_rime,
          minmay_stone_trees_small, minmay_lair_oklob_chamber,
          lemuel_fruit_fields
Lair:4:   layout_long_grid, elwin_shoals_entry_rocks,
          nicolae_volcano_entry_two_sided, beast_lair_carwin_2, uniq_urug
Lair:5:   layout_cave_shapes
Lair:6:   gammafunk_lair_ancient_temple, layout_regular_city,
          minmay_slime_entry_eyes, basic_altar, st_stairs_11, uniq_sonja,
          uniq_josephine
Shoals:1: layout_shoals, uniq_aizul
Shoals:2: layout_shoals, uniq_roxanne, uniq_ilsuiw
Shoals:3: layout_shoals, nzn_prometheus_bound, uniq_mara, uniq_polyphemus
Spider:1: layout_spider_delve
Spider:2: layout_chambers, gammafunk_ghost_arena, uniq_arachne, uniq_asterion
Spider:3: layout_spider_delve, uniq_bai_suzhen
Spider:4: floodkiller_spider_rune_tomb, drop_trap
Orc:1:    layout_diamond_mine, trog_butcher_becter, uniq_nergalle
Orc:2:    grunt_orc_gardens, layout_caves, grunt_orc_garden, grunt_orc_garden,
          grunt_orc_garden, grunt_orc_garden, sword_in_stone

Skill      XL: |  1  2  3  4  5  6  7  8  9 10 11 12 13 14 15 16 17 18 |
---------------+-------------------------------------------------------+-----
Axes           | 3 4 5 6 8 10 11 13 15 16 18 19 21 22 24 | 24.0
Fighting       | 4 5 6 7 8 9 10 12 13 14 15 16 18 | 18.0
Armour         | 4 5 6 7 9 10 11 12 13 14 15 | 15.0
Shields        | 4 |  4.0
Invocations    | 3 6 8 9 11 12 13 15 16 | 16.0
Fire Magic     | 4 8 |  8.0
Conjurations   | 4 7 |  7.3
Spellcasting   | 3 5 |  5.5

Action                   |  1- 3 |  4- 6 |  7- 9 | 10-12 | 13-15 | 16-18 || total
-------------------------+-------+-------+-------+-------+-------+-------++-------
Melee: War axe           |    74 |   175 |   165 |       |       |       ||   414
       Broad axe         |       |       |   159 |   566 |   898 |       ||  1623
       Battleaxe         |       |       |       |       |   126 |  1178 ||  1304
 Cast: Conjure Flame     |       |       |       |       |       |     2 ||     2
Invok: Minor Destruction |       |       |       |     9 |    23 |     5 ||    37
       Lesser Servant of |       |       |       |     3 |       |       ||     3
       Greater Servant o |       |       |       |       |     1 |     2 ||     3
Evoke: Wand              |       |       |     5 |       |       |       ||     5
  Use: Scroll            |       |     9 |    10 |     5 |    13 |     6 ||    43
       Potion            |       |       |     1 |       |     3 |       ||     4
 Stab: Paralysed         |       |       |     5 |     2 |       |       ||     7
       Held in net/web   |       |       |       |       |     2 |       ||     2
Armor: Chain mail        |    16 |       |       |       |       |       ||    16
       Plate armour      |    30 |   124 |   241 |   352 |   807 |  1154 ||  2708
Dodge: Dodged            |    23 |    52 |   111 |   154 |   359 |   495 ||  1194
Block: Kite shield       |    11 |       |       |       |       |       ||    11
       Buckler           |    12 |    33 |    66 |   118 |   102 |       ||   331
       Other             |       |       |       |       |       |   219 ||   219
       Reflection        |       |       |       |       |       |    18 ||    18

Table legend: (Time is in decaauts)
 A = Elapsed time spent in this place.
 B = Non-inter-level travel time spent in this place.
 C = Inter-level travel time spent in this place.
 D = Time resting spent in this place.
 E = Time spent auto-exploring this place.
 F = Levels seen in this place.
 G = Mean time per level.
                   A        B        C        D        E       F      G
               +--------+--------+--------+--------+--------+-----+--------+
         Total |  38628 |  36559 |   2069 |   4613 |  25714 |  33 | 1170.5 |
       Dungeon |  18546 |  17528 |   1018 |   2165 |  12540 |  15 | 1236.4 |
        Temple |    290 |    258 |     32 |      0 |    258 |   1 |  290.0 |
          Lair |   7606 |   7105 |    501 |    418 |   5553 |   6 | 1267.7 |
        Shoals |   3549 |   3463 |     86 |   1168 |   1718 |   3 | 1183.0 |
   Spider Nest |   4843 |   4727 |    116 |    419 |   3407 |   4 | 1210.8 |
  Orcish Mines |   2379 |   2065 |    314 |    100 |   1607 |   2 | 1189.5 |
      Ice Cave |    977 |    977 |      0 |    156 |    567 |   1 |  977.0 |
       Volcano |    434 |    434 |      0 |    186 |     62 |   1 |  434.0 |
               +--------+--------+--------+--------+--------+-----+--------+

Top non-repeatable levels by time:
Shoals:1: 2010 daAuts
  Lair:6: 2006 daAuts
     D:9: 1762 daAuts
     D:7: 1748 daAuts
    D:12: 1630 daAuts
  Lair:4: 1569 daAuts
Shoals:2: 1508 daAuts
     D:8: 1503 daAuts
Spider:4: 1494 daAuts
Spider:2: 1419 daAuts
  Lair:1: 1362 daAuts
    D:11: 1356 daAuts
    D:10: 1335 daAuts
   Orc:2: 1270 daAuts
     D:4: 1242 daAuts
